 Dungeon Crawl Stone Soup version 0.29.1-1-gd02db6906a (webtiles) character file.

Game seed: 6719444273745905771

179 Madoushi the Chopper (level 5, -13/70 HPs)
             Began as a Minotaur Berserker on Oct 10, 2022.
             Was a Believer of Trog.
             Mangled by a gnoll
             ... wielding a +3 spear of distortion
              (16 damage)
             ... on level 3 of the Dungeon.
             The game lasted 00:08:43 (2742 turns).

Madoushi the Chopper (Minotaur Berserker)           Turns: 2742, Time: 00:08:43

Health: -13/70     AC:  3    Str: 24    XL:     5   Next: 32%
Magic:  4/4        EV: 12    Int:  4    God:    Trog [**....]
Gold:   93         SH:  0    Dex:  9    Spells: 4/4 levels left

rFire   + . .      SeeInvis .   a - +0 hand axe
rCold   + . .      Faith    +   (no shield)
rNeg    . . .      Spirit   .   g - +0 leather armour
rPois   .          Reflect  .   (helmet restricted)
rElec   .          Harm     .   l - scarf {rC+ rF+}
rCorr   .          Rampage  .   (no gloves)
Will    .....                   (no boots)
Stlth   ..........              u - amulet of faith
HPRegen 0.21/turn               q - ring of flight
MPRegen 0.09/turn               (no ring)

@: berserking, flying, very quick
A: horns 2, retaliatory headbutt
a: Renounce Religion, Berserk, Trog's Hand


You were on level 3 of the Dungeon.
You worshipped Trog.
Trog was pleased with you.
You visited 1 branch of the dungeon, and saw 3 of its levels.

You collected 93 gold pieces.

Inventory:

Hand Weapons
 a - a +0 hand axe (weapon)
 c - a +1 sling of flaming
Missiles
 e - 19 stones (quivered)
Armour
 b - a +0 animal skin
 g - a +0 leather armour (worn)
 l - a scarf of resistance (worn)
Jewellery
 q - a ring of flight (left hand)
 u - an amulet of faith (around neck)
 v - a ring of fire
Scrolls
 d - 2 scrolls of teleportation {unknown}
 h - 4 scrolls of identify {unknown}
 j - 4 scrolls of immolation {unknown}
 m - a scroll of torment {unknown}
 n - 2 scrolls of enchant armour {unknown}
 o - a scroll of fog {unknown}
 p - a scroll of noise {unknown}
 s - a scroll of poison {unknown}
 t - a scroll of magic mapping {unknown}
Potions
 f - 3 potions of brilliance {unknown}
 i - a potion of haste {unknown}
 k - a potion of attraction {unknown}
 r - a potion of degeneration {unknown}


   Skills:
 + Level 4.6 Fighting
 + Level 5.5 Axes
 + Level 3.5 Armour
 + Level 3.1 Dodging
 + Level 0.5 Stealth


You had 4 spell levels left.
You didn't know any spells.
Your spell library contained the following spells:

 Spells                   Type           Power      Damage    Failure   Level
 Ensorcelled Hibernation  Hex/Ice        0%         N/A       67%         2
 Poisonous Vapours        Pois/Air       0%         N/A       67%         2
 Spider Form              Tmut/Pois      0%         N/A       88%         3
 Anguish                  Hex/Necr       0%         N/A       99%         4
 Corpse Rot               Necr/Pois/Air  0%         N/A       99%         4
 Petrify                  Tmut/Erth      0%         N/A       99%         4
 Metabolic Englaciation   Hex/Ice        0%         N/A       100%        5
 Statue Form              Tmut/Erth      0%         N/A       100%        6


Dungeon Overview and Level Annotations

Branches:
Dungeon (3/15)

Altars:

Shops:
D:1 [?(

Portals:
Abyss: D:3

Annotations:
D:3 1 transporter


Innate Abilities, Weirdness & Mutations

You have a pair of horns on your head.
You reflexively headbutt those who attack you in melee.


Message History

T4s4d4r's ghost blinks!
You blink.
Found a transporter.
The small abomination blinks!
T4s4d4r's ghost hits you!
A red film seems to cover your vision as you go berserk!
You feel yourself moving faster!
You feel mighty! T4s4d4r's ghost closely misses you.
You barely miss t4s4d4r's ghost. Your headbutt misses t4s4d4r's ghost.
T4s4d4r's ghost is moderately damaged.
You closely miss t4s4d4r's ghost.
T4s4d4r's ghost is moderately damaged.
T4s4d4r's ghost closely misses you.
You slash t4s4d4r's ghost!
T4s4d4r's ghost is heavily damaged.
T4s4d4r's ghost hits you!
You slash t4s4d4r's ghost! You headbutt t4s4d4r's ghost!
You destroy t4s4d4r's ghost!
Trog accepts your kill.
You hit the small abomination. The gnoll barely misses you.
The small abomination barely misses you.
Your Dodging skill increases to level 3!
You have reached level 5!
You slash the small abomination!
The small abomination is heavily damaged.
You hit the small abomination.
The small abomination is heavily damaged.
The gnoll hits you from afar with a +3 spear of distortion.
Space warps horribly around you!!
* * * LOW HITPOINT WARNING * * *
The small abomination closely misses you.
You closely miss the small abomination. You headbutt the small abomination!
The small abomination is moderately damaged.
You slash the small abomination!
The small abomination barely misses you.
You furiously retaliate!
You headbutt the small abomination, but do no damage.
The small abomination hits you!
* * * LOW HITPOINT WARNING * * *
The gnoll hits you from afar with a +3 spear of distortion.
* * * LOW HITPOINT WARNING * * *
Space warps horribly around you!
You die...

#.# #.##....##.## . #.#
#.##.#..##..######.# #.#
#..........?.$...... #.#
#................... #.#
#....###.......####. #<#
#...##.###...###©.
#.###...#.#. #.©##.. .
#.......## #.####.# ..
#####....## #..x@#. ## ...
#.......##.##.x.^# .##....
#.)......#).g...#.#..#...)
#......###.#.###....#
#.....##.. ###.##..##
#.....#.. ...##.# ##..†.#.
.## ... #....## # .###.
#.....# :∩ ##


You could see 2 small abominations and a gnoll.

Vanquished Creatures
  The ghost of t4s4d4r the Ruffian, an amateur TrGl (D:3)
  3 adders
  A worm (D:2)
  A dart slug (D:3)
  3 ball pythons
  7 endoplasms
  4 giant cockroaches
  9 goblins
  4 hobgoblins
  3 jackals (D:2)
  A quokka (D:1)
  6 bats
  5 kobolds
  7 rats
55 creatures vanquished.

Notes
Turn   | Place    | Note
-------+----------+-------------------------------------------
     0 | D:1      | Madoushi the Minotaur Berserker began the quest for the
                  | Orb.
     0 | D:1      | Reached XP level 1. HP: 19/19 MP: 0/0
   231 | D:1      | Reached skill level 4 in Axes
   231 | D:1      | Reached XP level 2. HP: 21/27 MP: 1/1
   372 | D:1      | Found Lanwo's Weapon Shop.
   419 | D:1      | Found Hoduezo's Magic Scroll Shoppe.
   424 | D:1      | Found Misongad's Armour Shoppe.
   465 | D:1      | Reached ** piety under Trog
   514 | D:1      | Reached XP level 3. HP: 32/33 MP: 2/2
  1780 | D:2      | Reached XP level 4. HP: 40/40 MP: 3/3
  1945 | D:2      | Found a faded altar of an unknown god.
  2566 | D:3      | Reached skill level 5 in Axes
  2700 | D:3      | Noticed a toenail golem
  2701 | D:3      | Noticed a small abomination
  2714 | D:3      | Found a transporter.
  2730 | D:3      | Found a one-way gate to the infinite horrors of the Abyss.
  2730 | D:3      | Noticed t4s4d4r's ghost (amateur TrGl)
  2730 | D:3      | Noticed a small abomination
  2734 | D:3      | Found a transporter.
  2739 | D:3      | Killed t4s4d4r's ghost
  2740 | D:3      | Reached XP level 5. HP: 46/47 MP: 4/4
  2742 | D:3      | HP: 3/70 [gnoll/+3 spear of distortion (5)]
  2742 | D:3      | Mangled by a gnoll

Illustrated notes

Levels and vault maps discovered:
D:1:      dpeg_arrival_boxorama, layout_basic, serial_shops, shop,
          nicolae_shop_stone, nicolae_shop_bloodbath_and_beyond,
          chequers_mini_garden, minmay_tetromino_i4
D:2:      layout_loops_corners, shapermc_ecumenical_altar_hornbeckon,
          minmay_misc_feat_secret_circle, minmay_increasing_density
D:3:      layout_loops_ring, gammafunk_ghost_abyssal_escape

Skill      XL: |  1  2  3  4 |
---------------+-------------+-----
Axes           | 4 5 |  5.5
Fighting       | 4 |  4.6
Armour         | 3 |  3.5
Dodging        | 3 |  3.1
Stealth        | |  0.5

Action                   |  1- 3 |  4- 6 || total
-------------------------+-------+-------++-------
Melee: Hand axe          |    78 |    36 ||   114
       Headbutt          |    11 |     3 ||    14
Invok: Berserk           |     1 |     1 ||     2
Armor: Animal skin       |     4 |       ||     4
       Leather armour    |    16 |     6 ||    22
Dodge: Dodged            |    79 |    23 ||   102
